 Dungeon Crawl Stone Soup version 0.27-a0-96-gb51a1d6fd6 (webtiles) character file.

Game seed: 4570872183931766213

100917 ItsAllOgre the Unseen (level 16, 156/156 HPs)
             Began as a Naga Wanderer on Nov 3, 2020.
             Was a High Priest of Sif Muna.
             Quit the game on level 10 of the Dungeon on Jan 19, 2021.
             The game lasted 03:10:12 (31695 turns).

ItsAllOgre the Unseen (Naga Wanderer)              Turns: 31695, Time: 03:10:12

Health: 156/156    AC: 23    Str: 20    XL:     16   Next: 29%
Magic:  23/23      EV:  6    Int: 22    God:    Sif Muna [*****.]
Gold:   1270       SH: 16    Dex: 10    Spells: 12/15 levels left

rFire    + . .     SeeInvis +   a - +9 whip of the Median {venom, +Inv rN+ Will+ Dex-3}
rCold    x . .     Faith    .   H - +0 tower shield
rNeg     + . .     Spirit   .   V - +5 scale mail of Hidalatz {*Slow rElec Str+3 Int+3}
rPois    +         Reflect  .   s - +1 helmet
rElec    +         Harm     .   e - +0 cloak of Dramatic Exits {Will+ rCorr Int+4}
rCorr    +         Rampage  .   m - +2 pair of gloves
Will     ++++.                  (no barding)
Stlth    +++++.....             L - amulet of regeneration
HPRegen  0.76/turn              X - ring of fire
MPRegen  0.18/turn              K - +4 ring of protection

@: studying Translocations, very slow
A: large, see invisible, deformed body, poison resistance, slowness 2, spit
poison 1, constrict 1, AC +5
a: Spit Poison, Renounce Religion, Evoke Invisibility, Channel Magic, Forget
Spell, Divine Exegesis


You were on level 10 of the Dungeon.
You worshipped Sif Muna.
Sif Muna was extremely pleased with you.
You visited 2 branches of the dungeon, and saw 21 of its levels.
You also visited: Gauntlet.

You collected 1871 gold pieces.
You spent 601 gold pieces at shops.

Inventory:

Hand Weapons
 a - the +9 whip of the Median (weapon) {venom, +Inv rN+ Will+ Dex-3}
   (You found it on level 2 of the Lair of Beasts)

   It poisons the flesh of those it strikes.
   It affects your dexterity (-3).
   It protects you from negative energy.
   It affects your willpower, your defense against some magical effects.
   It lets you turn invisible.
 w - a +3 dagger of venom
Missiles
 q - 4 throwing nets (quivered) {!t}
 G - 16 silver javelins
Armour
 e - the +0 cloak of Dramatic Exits (worn) {Will+ rCorr Int+4}
   (You found it in a Gauntlet)

   It affects your intelligence (+4).
   It affects your willpower, your defense against some magical effects.
   It provides partial protection from all sources of acid and corrosion.
 m - a +2 pair of gloves (worn)
 s - a +1 helmet (worn)
 H - a +0 tower shield (worn)
 M - a scarf of invisibility
 V - the +5 scale mail of Hidalatz (worn) {*Slow rElec Str+3 Int+3}
   (You found it on level 10 of the Dungeon)

   It affects your strength (+3).
   It affects your intelligence (+3).
   It insulates you from electricity.
   It may slow you when you take damage.
Magical Staves
 v - an uncursed staff of fire
Jewellery
 j - the ring of Juak {Int+4 Dex+6 SInv}
   (You found it on level 6 of the Lair of Beasts)

   [ring of dexterity]

   It affects your intelligence (+4).
   It affects your dexterity (+6).
   It lets you see invisible.
 p - an uncursed ring of protection from cold
 z - an uncursed amulet of reflection
 K - a +4 ring of protection (right hand)
 L - an amulet of regeneration (around neck)
 U - an uncursed amulet of faith
 X - a ring of fire (left hand)
Wands
 c - a wand of digging (3)
 h - a wand of paralysis (25)
 i - a wand of flame (7)
 A - a wand of polymorph (8)
 D - a wand of enslavement (9)
 E - a wand of acid (4)
 O - a wand of iceblast (11)
 R - a wand of disintegration (4)
Scrolls
 f - 3 scrolls of identify
 k - 6 scrolls of fear
 o - 11 scrolls of teleportation
 u - a scroll of magic mapping
 x - 4 scrolls of vulnerability
 y - 10 scrolls of remove curse
 F - 5 scrolls of blinking
 N - a scroll of fog
 P - 2 scrolls of enchant armour
 S - 2 scrolls of summoning
 Y - a scroll of silence
Potions
 b - 3 potions of lignification
 d - 3 potions of haste
 g - a potion of magic
 l - 9 potions of might
 n - 9 potions of curing
 r - 5 potions of resistance
 t - 7 potions of attraction
 B - 3 potions of heal wounds
 I - 3 potions of flight
 Q - 2 potions of cancellation
 T - a potion of ambrosia
 Z - 2 potions of berserk rage
Books
 W - a manual of Translocations
Miscellaneous
 C - a phantom mirror
 J - a box of beasts


   Skills:
 + Level 13.1 Fighting
 - Level 10.2(12.0) Maces & Flails
 - Level 1.0(6.6) Polearms
 - Level 10.4(12.0) Staves
 - Level 3.2 Dodging
 + Level 15.8 Stealth
 * Level 9.0 Shields
 - Level 5.4 Fire Magic
 * Level 9.8 Invocations
 + Level 11.6 Evocations


You had 12 spell levels left.
You knew the following spells:

 Your Spells              Type           Power        Failure   Level
a - Inner Flame           Hex/Fire       17%          88%         3

Your spell library contained the following spells:

 Spells                   Type           Power        Failure   Level
 Animate Skeleton         Necr           0%           88%         1
 Apportation              Tloc           0%           88%         1
 Corona                   Hex            0%           88%         1
 Magic Dart               Conj           0%           88%         1
 Sandblast                Erth           0%           88%         1
 Summon Small Mammal      Summ           0%           88%         1
 Conjure Flame            Conj/Fire      17%          88%         3
 Call Imp                 Summ           0%           95%         2
 Corpse Rot               Necr/Air       N/A          95%         2
 Ensorcelled Hibernation  Hex/Ice        0%           95%         2
 Passwall                 Tmut/Erth      0%           95%         2
 Poisonous Vapours        Pois/Air       0%           95%         2
 Searing Ray              Conj           0%           95%         2
 Sublimation of Blood     Necr           0%           95%         2
 Ignite Poison            Fire/Tmut/Pois 11%          95%         3
 Call Canine Familiar     Summ           0%           99%         3
 Dazzling Flash           Conj/Hex       0%           99%         3
 Mephitic Cloud           Conj/Pois/Air  0%           99%         3
 Stone Arrow              Conj/Erth      0%           99%         3
 Fulminant Prism          Conj/Hex       0%           100%        4
 Ice Form                 Ice/Tmut       0%           100%        4
 Iskenderun's Mystic Bla  Conj/Tloc      0%           100%        4
 Leda's Liquefaction      Hex/Erth       0%           100%        4
 Olgreb's Toxic Radiance  Pois           0%           100%        4
 Petrify                  Tmut/Erth      0%           100%        4
 Summon Ice Beast         Ice/Summ       0%           100%        4
 Alistair's Intoxication  Tmut/Pois      0%           100%        5
 Borgnjor's Vile Clutch   Necr/Erth      0%           100%        5
 Fireball                 Conj/Fire      8%           100%        5
 Irradiate                Conj/Tmut      0%           100%        5
 Metabolic Englaciation   Hex/Ice        0%           100%        5
 Silence                  Hex/Air        0%           100%        5
 Summon Demon             Summ           0%           100%        5
 Summon Forest            Summ/Tloc      0%           100%        5
 Summon Mana Viper        Hex/Summ       0%           100%        5
 Dispersal                Tloc           0%           100%        6
 Eringya's Noxious Bog    Tmut/Pois      0%           100%        6
 Freezing Cloud           Conj/Ice/Air   0%           100%        6
 Hydra Form               Tmut           0%           100%        6
 Invisibility             Hex            0%           100%        6
 Ozocubu's Refrigeration  Ice            0%           100%        6
 Shadow Creatures         Summ           N/A          100%        6
 Simulacrum               Ice/Necr       0%           100%        6
 Starburst                Conj/Fire      8%           100%        6
 Summon Hydra             Summ           0%           100%        7
 Ignition                 Fire           17%          100%        8
 Lehudib's Crystal Spear  Conj/Erth      0%           100%        8
 Dragon's Call            Summ           0%           100%        9
 Fire Storm               Conj/Fire      8%           100%        9


Dungeon Overview and Level Annotations

Branches:
Dungeon (15/15)            Temple (0/1) D:5            Lair (6/6) D:11
  Swamp (0/4) Lair:3        Snake (0/4) Lair:4        Slime (0/5) Lair:5
    Orc (0/2) D:12         Vaults (0/5) D:14         Depths (0/5) D:15
Gauntlet (visited)

Altars:
Kikubaaqudgha
Makhleb
Nemelex Xobeh
Okawaru
Qazlal
Ru
Sif Muna
The Shining One
Jiyva

Shops:
D:4 }   D:7 ?   D:8 }   D:13 *

Annotations:
Lair:3 exclusion: tyrant leech
Lair:6 1 runed translucent door


Innate Abilities, Weirdness & Mutations

You cannot wear boots.
Your serpentine skin is tough. (AC +5)
You have supernaturally acute eyesight. (SInv)
Armour fits poorly on your strangely shaped body.
Your system is resistant to poisons. (rPois)
You cover ground very slowly.
You can spit poison.
You can use your snake-like lower body to constrict enemies.


Message History

a +0 chain mail; a +0 whip; a +0 ring mail
Things that are here:
a cursed -1 robe; a +0 dagger Done exploring.
Done exploring.
Okay, then.
Evoke which item? (* to show all) (? for menu, Esc to quit)
Okay, then.
Okay, then.
Casting: Inner Flame (dangerous; 88% risk of failure)
Confirm with . or Enter, or press ? or * to list all spells.
Okay, then.
Save game and exit?
Welcome back, ItsAllOgre the Naga Wanderer.
Sif Muna whispers: I know many secrets...
Press ? for a list of commands and other information.
Unknown command.
Are you sure you want to abandon this character and quit the game? (Confirm with "yes".)

#.....# #.......# #.#
#.#.#.#
#.......#######.#
#.#.#.#
#.......#.......##
#...#.#
#.......#.####...#
#..##.#
#.......#.#......#
#..##.#
#.......#.#.##...#
#.....#
#########......###
##.#### ########.####
##.#### #....@.#.#
......# #.####.#.#
##.##.######.####.#[#
##................[.#
#####.######.####.###
#####.# #.####.#
......# #......#
####### ########


There were no monsters in sight!

Vanquished Creatures
  Louise (D:15)
  The ghost of Mukuu the Frost Mage, a journeyman GnIE of Gozag (Lair:6)
  Azrael (D:14)
  A minotaur (Gauntlet)
  Snorg (D:14)
  Josephine (D:10)
  An ogre mage (D:14)
  6 boulder beetles
  8 hydras
  A vault guard (D:14)
  A centaur warrior (D:15)
  A death knight (D:14)
  6 two-headed ogres
  A catoblepas (D:15)
  An alligator (Lair:6)
  2 tengu warriors
  A vampire mage (D:15)
  5 death yaks
  8 skeletal warriors
  3 unseen horrors (D:14)
  3 lindwurms
  A necromancer (D:15)
  A mana viper (D:8)
  A cyclops (shapeshifter) (D:15)
  A deep elf mage (D:12)
  A fire giant zombie (D:15)
  10 ugly things
  A frost giant zombie (D:15)
  2 cyclopes
  16 elephants
  2 black mambas
  6 torpor snails
  A centaur zombie (D:12)
  A freezing wraith (D:14)
  An eye of devastation (Gauntlet)
  A gargoyle (D:10)
  13 cane toads
  2 ice devils (D:12)
  5 rime drakes
  11 komodo dragons
  3 trolls
  2 tengu conjurers (Gauntlet)
  7 hornets (Lair:6)
  11 slime creatures
  Prince Ribbit (Lair:2)
  2 raiju (Lair:6)
  4 tyrant leeches (Lair:6)
  4 blink frogs
  14 polar bears
  A fire dragon skeleton (D:15)
  A shadow (D:11)
  70 yaks
  4 wraiths
  6 wyverns
  4 fire elementals
  3 basilisks
  A steam dragon (Lair:5)
  5 wargs (Lair:6)
  A soldier ant (D:13)
  21 water moccasins
  15 hell hounds
  A floating eye (Gauntlet)
  6 ice beasts
  7 orc warriors
  13 black bears
  A hornet zombie (D:10)
  2 eyes of draining
  2 phantoms
  2 sky beasts
  10 centaurs
  9 ogres
  9 boggarts
  2 necrophages
  18 wolves
  3 big kobolds
  23 bullfrogs
  A wyvern zombie (D:14)
  A wyvern skeleton (D:13)
  2 scorpions
  9 killer bees
  3 wights (D:12)
  An electric eel (Lair:5)
  A bullfrog zombie (D:10)
  A howler monkey (D:6)
  4 jellies
  4 bullfrog skeletons
  8 hounds
  5 orc priests
  A wyvern simulacrum (D:12)
  11 orc wizards
  2 centaur skeletons
  6 iguanas
  9 worker ants
  2 centaur simulacra (D:12)
  A hound zombie (D:7)
  4 hound skeletons
  A howler monkey zombie (D:8)
  A worker ant zombie (D:6)
  Robin (D:3)
  18 adders
  A shadow imp (D:4)
  5 white imps
  3 ufetubi (D:12)
  3 oozes
  An adder zombie (D:9)
  2 adder skeletons
  4 worms
  2 dart slugs (D:1)
  4 leopard geckos
  27 orcs
  6 ball pythons
  4 giant cockroaches
  20 goblins
  11 hobgoblins
  10 jackals
  25 kobolds
  2 quokkas
  13 bats
  2 frilled lizards
  A leopard gecko zombie (D:6)
  2 quokka skeletons
  7 rats
671 creatures vanquished.

Vanquished Creatures (collateral kills)
  The ghost of Kuinu the Cleaver, a journeyman MiBe of Trog (D:13)
  A quicksilver dragon zombie (D:15)
  A catoblepas (Gauntlet)
  Maggie (D:10)
  A molten gargoyle (Gauntlet)
  2 gargoyles (Gauntlet)
  A komodo dragon (Lair:2)
  A blink frog (Lair:2)
  A warg (Lair:6)
  A hell hound (Lair:6)
  4 wolves (Lair:6)
  A bullfrog skeleton (D:10)
16 creatures vanquished.

Vanquished Creatures (others)
  A freezing wraith (D:14)
  An orc priest (D:9)
  2 orcs
  7 bushes (Lair:6)
  42 fungi
  58 plants
  6 toadstools (Lair:5)
  5 withered plants (D:15)
122 creatures vanquished.

Grand Total: 809 creatures vanquished

Notes
Turn   | Place    | Note
-------+----------+-------------------------------------------
     0 | D:1      | ItsAllOgre the Naga Wanderer began the quest for the Orb.
     0 | D:1      | ItsAllOgre set off with the following items: a +0
                  | quarterstaff, 4 throwing nets, a +0 leather armour, a
                  | potion of curing
     0 | D:1      | Reached XP level 1. HP: 21/21 MP: 1/1
   128 | D:1      | Reached skill level 2 in Stealth
   138 | D:1      | Reached skill level 1 in Staves
   138 | D:1      | Reached XP level 2. HP: 28/28 MP: 2/2
   498 | D:1      | Reached XP level 3. HP: 34/34 MP: 3/3
  1197 | D:2      | Reached skill level 3 in Stealth
  1204 | D:2      | Found a sacrificial altar of Ru.
  1204 | D:2      | Found a burning altar of Makhleb.
  1210 | D:2      | Found a shimmering blue altar of Sif Muna.
  1212 | D:2      | Found an ancient bone altar of Kikubaaqudgha.
  1213 | D:2      | Found an iron altar of Okawaru.
  1232 | D:2      | Became a worshipper of Sif Muna the Loreminder
  1541 | D:2      | Reached XP level 4. HP: 34/42 MP: 4/4
  2450 | D:3      | Reached * piety under Sif Muna
  2642 | D:3      | Reached XP level 5. HP: 50/50 MP: 5/5
  3487 | D:3      | Noticed Robin
  3495 | D:3      | Killed Robin
  3495 | D:3      | Reached skill level 4 in Stealth
  3543 | D:3      | Reached ** piety under Sif Muna
  3903 | D:4      | Found a glowing golden altar of the Shining One.
  3917 | D:4      | Reached XP level 6. HP: 50/57 MP: 6/6
  4228 | D:4      | Reached skill level 5 in Stealth
  4284 | D:4      | Noticed a phantom
  4332 | D:4      | Killed a phantom
  4544 | D:4      | Reached XP level 7. HP: 64/66 MP: 7/7
  4625 | D:4      | Found Vuhext's Gadget Emporium.
  4629 | D:4      | Bought a box of beasts (3/3) for 240 gold pieces
  5052 | D:5      | Entered Level 5 of the Dungeon
  5191 | D:5      | Found a staircase to the Ecumenical Temple.
  5792 | D:6      | Reached skill level 5 in Staves
  5882 | D:6      | Reached skill level 6 in Stealth
  5882 | D:6      | Reached skill level 1 in Evocations
  6154 | D:6      | Reached skill level 5 in Fighting
  6175 | D:6      | Reached *** piety under Sif Muna
  6746 | D:7      | Reached XP level 8. HP: 74/74 MP: 8/8
  7050 | D:7      | Found a burning altar of Makhleb.
  7285 | D:7      | Reached skill level 7 in Stealth
  8060 | D:7      | Found Halabb's Magic Scroll Emporium.
  8509 | D:8      | Noticed a wyvern
  8516 | D:8      | Killed a wyvern
  8516 | D:8      | Reached skill level 8 in Stealth
  8516 | D:8      | Reached XP level 9. HP: 82/82 MP: 9/9
  8593 | D:8      | Noticed a two-headed ogre
  8918 | D:8      | You fall into a shaft and drop 2 floors!
  8918 | D:10     | Entered Level 10 of the Dungeon
  9251 | D:10     | Noticed a troll
  9360 | D:10     | Reached skill level 9 in Stealth
  9360 | D:10     | Reached skill level 5 in Evocations
  9512 | D:10     | Killed a troll
  9655 | D:10     | Noticed Maggie
  9666 | D:10     | Killed Maggie
  9825 | D:10     | Reached **** piety under Sif Muna
  9856 | D:10     | Reached XP level 10. HP: 82/94 MP: 10/10
  9872 | D:10     | Got a smoking scale mail
  9968 | D:9      | Identified the +5 scale mail of Hidalatz {*Slow rElec Str+3
                  | Int+3} (You found it on level 10 of the Dungeon)
 10126 | D:9      | Reached skill level 10 in Stealth
 11004 | D:10     | Noticed a gargoyle
 11006 | D:10     | Noticed Josephine
 11652 | D:8      | Noticed a two-headed ogre
 11784 | D:8      | a two-headed ogre changed into a slime creature
 11799 | D:8      | Reached skill level 11 in Stealth
 11950 | D:8      | Noticed a mana viper
 11950 | D:8      | a two-headed ogre changed into a mana viper
 11960 | D:8      | Killed a mana viper
 12283 | D:8      | Found Feutta's Gadget Shop.
 12286 | D:8      | Bought a wand of paralysis (10) for 156 gold pieces
 12597 | D:9      | Reached XP level 11. HP: 98/103 MP: 11/11
 13138 | D:9      | Found a stormy altar of Qazlal.
 14214 | D:11     | Reached ***** piety under Sif Muna
 14259 | D:11     | Reached skill level 12 in Stealth
 14849 | D:11     | Found a staircase to the Lair.
 15173 | Lair:1   | Entered Level 1 of the Lair of Beasts
 15187 | Lair:1   | Got a fine flail
 15188 | Lair:1   | Identified the cursed +3 flail of Xedghonga {pain, Str+4}
                  | (You found it on level 1 of the Lair of Beasts)
 15390 | Lair:1   | Identified Sif Muna's Catalogue of Summoning and Attacks
                  | (Sif Muna gifted it to you on level 1 of the Lair of
                  | Beasts)
 15390 | Lair:1   | Received a gift from Sif Muna
 15496 | Lair:1   | Reached skill level 10 in Evocations
 15655 | Lair:1   | Reached skill level 10 in Staves
 16353 | Lair:2   | Reached skill level 13 in Stealth
 16424 | Lair:2   | Reached XP level 12. HP: 115/115 MP: 10/12
 16513 | Lair:2   | Noticed Prince Ribbit
 16526 | Lair:2   | Killed Prince Ribbit
 16581 | Lair:2   | Noticed a five-headed hydra
 16646 | Lair:2   | Got an ebony whip
 16648 | Lair:2   | Identified the +9 whip of the Median {venom, +Inv rN+ MR+
                  | Dex-3} (You found it on level 2 of the Lair of Beasts)
 17004 | Lair:2   | Killed a five-headed hydra
 17004 | Lair:2   | Reached skill level 1 in Maces & Flails
 17707 | Lair:3   | Noticed a six-headed hydra
 17760 | Lair:3   | Killed a six-headed hydra
 17905 | Lair:3   | Reached skill level 10 in Fighting
 18014 | Lair:3   | Noticed a boulder beetle
 18037 | Lair:3   | Killed a boulder beetle
 18112 | Lair:3   | Found a staircase to the Swamp.
 18114 | Lair:3   | Noticed a four-headed hydra
 18159 | Lair:3   | Killed a four-headed hydra
 18215 | Lair:3   | Reached skill level 5 in Maces & Flails
 18340 | Lair:3   | Noticed a death yak
 18360 | Lair:3   | Killed a death yak
 18438 | Lair:3   | Reached skill level 5 in Shields
 18794 | Lair:3   | Gained mutation: You can use your snake-like lower body to
                  | constrict enemies. [Naga growth]
 18794 | Lair:3   | Reached XP level 13. HP: 97/124 MP: 13/13
 19090 | Lair:3   | Identified Sif Muna's Tome of Hexes (Sif Muna gifted it to
                  | you on level 3 of the Lair of Beasts)
 19090 | Lair:3   | Received a gift from Sif Muna
 19806 | Lair:4   | Found a staircase to the Snake Pit.
 20936 | Lair:5   | Found a staircase to the Slime Pits.
 20936 | Lair:5   | Found a viscous altar of Jiyva.
 22063 | Lair:5   | Found a runed translucent door.
 22175 | Lair:5   | Reached XP level 14. HP: 132/135 MP: 14/14
 22304 | Lair:6   | Entered Level 6 of the Lair of Beasts
 22333 | Lair:6   | Identified Sif Muna's Papyrus of Torrid Earth (Sif Muna
                  | gifted it to you on level 6 of the Lair of Beasts)
 22333 | Lair:6   | Received a gift from Sif Muna
 22903 | Lair:6   | Found a large runed translucent door.
 22904 | Lair:6   | Found a large runed translucent door.
 22911 | Lair:6   | Noticed Mukuu's ghost (journeyman GnIE)
 22971 | Lair:6   | Killed Mukuu's ghost
 23113 | Lair:6   | Reached skill level 10 in Maces & Flails
 23529 | Lair:6   | Reached skill level 1 in Invocations
 23702 | Lair:6   | Got a shimmering golden ring
 23704 | Lair:6   | Identified the ring of Juak {Int+4 Dex+6 SInv} (You found
                  | it on level 6 of the Lair of Beasts)
 24090 | Lair:6   | Found a runed translucent door.
 24287 | Lair:6   | Identified Ogeabis's Collected Works on Displaced
                  | Confrontation (Sif Muna gifted it to you on level 6 of the
                  | Lair of Beasts)
 24287 | Lair:6   | Received a gift from Sif Muna
 24516 | Lair:6   | Learned a level 3 spell: Inner Flame
 24755 | D:12     | Reached skill level 14 in Stealth
 24793 | D:12     | Reached skill level 1 in Fire Magic
 25009 | D:12     | Reached skill level 5 in Invocations
 25019 | D:12     | Reached XP level 15. HP: 138/145 MP: 18/18
 25357 | D:12     | Found a staircase to the Orcish Mines.
 25793 | D:13     | Found a gate leading to a gauntlet.
 25808 | Gauntlet | Entered a Gauntlet
 25808 | Gauntlet | Found a transporter.
 25808 | Gauntlet | Found a transporter.
 25808 | Gauntlet | Found a runed translucent door.
 25808 | Gauntlet | Found a runed translucent door.
 25820 | Gauntlet | Found a transporter.
 25824 | Gauntlet | Found a transporter.
 25832 | Gauntlet | Found a transporter.
 25836 | Gauntlet | Found a transporter.
 25847 | Gauntlet | Found a transporter.
 25860 | Gauntlet | Found a transporter.
 25860 | Gauntlet | Noticed a balrug
 25874 | Gauntlet | Found a transporter.
 25878 | Gauntlet | Found a transporter.
 25886 | Gauntlet | Found a transporter.
 25890 | Gauntlet | Found a transporter.
 26090 | Gauntlet | Paralysed by a floating eye for 3 turns
 26162 | Gauntlet | Got a jewelled cloak
 26173 | Gauntlet | Identified the +0 cloak of Dramatic Exits {MR+ rCorr Int+4}
                  | (You found it in a Gauntlet)
 26537 | D:13     | Found Seagi's Assorted Antiques.
 26914 | D:13     | Found a runed translucent door.
 26914 | D:13     | Noticed Kuinu's ghost (journeyman MiBe)
 26946 | D:13     | Killed Kuinu's ghost
 27376 | D:14     | Found a sparkling altar of Nemelex Xobeh.
 27414 | D:14     | Identified Sif Muna's Disquisition on Cankerous Ignition
                  | (Sif Muna gifted it to you on level 14 of the Dungeon)
 27414 | D:14     | Received a gift from Sif Muna
 27592 | D:14     | Noticed Snorg
 27973 | D:14     | Found a gate to the Vaults.
 28368 | D:14     | Reached skill level 15 in Stealth
 28519 | D:14     | Killed Snorg
 29082 | D:15     | Entered Level 15 of the Dungeon
 29082 | D:15     | Noticed Azrael
 29297 | D:14     | Killed Azrael
 29615 | D:15     | Found a staircase to the Depths.
 29989 | D:15     | Reached XP level 16. HP: 111/156 MP: 19/22
 30173 | D:15     | Reached skill level 5 in Fire Magic
 30458 | D:15     | Received a gift from Sif Muna
 30490 | D:15     | Noticed Louise
 30952 | D:15     | Killed Louise
 31401 | D:13     | Bought a scintillating sapphire amulet for 205 gold pieces
 31403 | D:13     | Identified the amulet of Myoroaff {Inacc Str+4} (You bought
                  | it in a shop on level 13 of the Dungeon)
 31585 | D:10     | Killed Josephine
 31695 | D:10     | Upgraded the game from 0.26-a0-712-ga5a9c9c9d0 to
                  | 0.27-a0-96-gb51a1d6fd6
 31695 | D:10     | Quit the game

Illustrated notes

Levels and vault maps discovered:
D:1:      dpeg_arrival_arbitrary_a, layout_basic
D:2:      layout_basic, chequers_temple_overflow_minitemple
D:3:      layout_basic, uniq_robin
D:4:      layout_basic, overflow_temple_1_default, serial_shops, shop
D:5:      layout_basic, minmay_temple_entry_trees
D:6:      layout_loops_ring
D:7:      layout_basic, serial_shops, nicolae_shop_behind_doors, moated_statue,
          makhleb_blood_cavern_becter
D:8:      layout_basic, serial_shops, shop, chequers_serial_rivers_room_b
D:9:      layout_stronghold, basic_altar
D:10:     layout_loops_cross, uniq_josephine, uniq_maggie
D:11:     layout_rooms, lair_entry_dummy
D:12:     layout_cave_pools, orc_0_dummy, serial_ice, serial_ice_l,
          serial_ice_c, serial_ice_f, serial_ice_b, serial_ice_e, serial_ice_a,
          serial_ice_g, serial_ice_d, portal_ice_cave_demonic_guard
D:13:     layout_loops_corners, gammafunk_ghost_grave, serial_shops,
          nicolae_shop_waterfront, gauntlet_entry_generic
D:14:     layout_loops_ring, david_vaults_5, serial_rivers,
          chequers_serial_rivers_small_3, chequers_serial_rivers_micro_a,
          chequers_serial_rivers_large_a, chequers_serial_rivers_room_b,
          chequers_serial_rivers_micro_e, nemelex_xobeh_ov_fountains_minmay,
          uniq_snorg
D:15:     gammafunk_depths_entry_grave, layout_gridville,
          hangedman_abyss_or_decor_jellyfish_corner, minivault_11, uniq_azrael,
          uniq_louise
Lair:1:   layout_regular_city
Lair:2:   layout_gridlike, chequers_serial_rivers_micro_d, lemuel_fruit_fields,
          infiniplex_staircase_pool_2, uniq_prince_ribbit2
Lair:3:   layout_regular_city, minmay_swamp_entry_worms,
          infiniplex_staircase_pool
Lair:4:   layout_regular_city, minmay_snake_entry_six_corridors,
          beast_lair_carwin_3
Lair:5:   gammafunk_lair_enchanted_lake, layout_gridlike, slime_altar_1,
          grunt_megastairs_2
Lair:6:   wormcave, layout_loops_ring, hangedman_lair_caniforms_friends,
          ebering_ghost_disaster_area, minmay_hedge_maze

Skill      XL: |  1  2  3  4  5  6  7  8  9 10 11 12 13 14 15 16 |
---------------+-------------------------------------------------+-----
Stealth        | 2 3 4 5 6 8 9 11 13 14 15 | 15.8
Staves         | 1 2 3 4 5 7 8 9 10 | 10.4
Fighting       | 4 5 6 7 8 9 10 11 12 13 | 13.1
Evocations     | 2 3 6 8 10 11 | 11.6
Maces & Flails | 6 9 10 | 10.2
Shields        | 5 7 9 |  9.0
Invocations    | 5 9 |  9.8
Fire Magic     | 1 4 5 |  5.4
Polearms       | |  1.0
Dodging        | |  3.2

Action                   |  1- 3 |  4- 6 |  7- 9 | 10-12 | 13-15 | 16-18 || total
-------------------------+-------+-------+-------+-------+-------+-------++-------
Melee: Quarterstaff      |    41 |    96 |   369 |   567 |       |       ||  1073
       Dagger            |       |       |       |    35 |    48 |       ||    83
       Whip              |       |       |       |   237 |  1756 |   280 ||  2273
       Constrict         |       |       |       |       |   216 |    21 ||   237
 Fire: Hunting sling     |     7 |    91 |    41 |    43 |       |       ||   182
 Abil: Spit Poison       |    45 |    43 |    35 |    23 |     1 |       ||   147
       Evoke Invisibilit |       |       |     1 |    29 |    41 |     7 ||    78
Evoke: Wand              |       |       |     7 |    15 |    17 |     2 ||    41
       Box of beasts     |       |       |     2 |     1 |     6 |       ||     9
  Use: Potion            |     1 |       |       |       |       |       ||     1
       Scroll            |     5 |     7 |     3 |     8 |    15 |     1 ||    39
 Stab: Sleeping          |       |     1 |    12 |    16 |    52 |     2 ||    83
       Distracted        |       |       |     2 |       |     3 |       ||     5
       Invisible         |       |       |       |    57 |    74 |    25 ||   156
       Paralysed         |       |       |       |       |    10 |       ||    10
Armor: Leather armour    |    35 |     3 |       |       |       |       ||    38
       Ring mail         |       |    39 |   183 |       |       |       ||   222
       Scale mail        |       |       |       |   399 |   564 |    77 ||  1040
Dodge: Dodged            |    49 |    61 |   124 |   252 |   352 |    37 ||   875
Block: Kite shield       |       |       |       |    85 |   606 |    42 ||   733
       Tower shield      |       |       |       |       |       |    43 ||    43

Table legend: (Time is in decaauts)
 A = Elapsed time spent in this place.
 B = Non-inter-level travel time spent in this place.
 C = Inter-level travel time spent in this place.
 D = Time resting spent in this place.
 E = Time spent auto-exploring this place.
 F = Levels seen in this place.
 G = Mean time per level.
                   A        B        C        D        E       F      G
               +--------+--------+--------+--------+--------+-----+--------+
         Total |  37553 |  35495 |   2058 |   6921 |  19741 |  22 | 1707.0 |
       Dungeon |  26122 |  24613 |   1509 |   4789 |  13817 |  15 | 1741.5 |
          Lair |  10845 |  10296 |    549 |   2083 |   5603 |   6 | 1807.5 |
      Gauntlet |    585 |    585 |      0 |     49 |    321 |   1 |  585.0 |
               +--------+--------+--------+--------+--------+-----+--------+

Top non-repeatable levels by time:
    D:14: 2748 daAuts
    D:10: 2519 daAuts
  Lair:6: 2398 daAuts
     D:9: 2209 daAuts
    D:11: 2084 daAuts
  Lair:3: 2012 daAuts
     D:7: 1999 daAuts
  Lair:5: 1922 daAuts
     D:2: 1730 daAuts
     D:3: 1724 daAuts
  Lair:4: 1705 daAuts
     D:4: 1653 daAuts
    D:13: 1604 daAuts
    D:15: 1585 daAuts
     D:8: 1437 daAuts
